 Dungeon Crawl Stone Soup version 0.20.1-1-g8b1a95d (webtiles) character file.

19543 n0claF the Fighter (level 12, -1/112 HPs)
             Began as a Minotaur Berserker on Nov 2, 2017.
             Was a High Priest of Trog.
             Killed by divine providence
             ... invoked by an orc priest
              (12 damage)
             ... on level 2 of the Orcish Mines.
             The game lasted 00:38:59 (8843 turns).

n0claF the Fighter (Minotaur Berserker)             Turns: 8843, Time: 00:39:00

Health: -1/112     AC: 21    Str: 24 (26) XL:     12   Next: 37%
Magic:  15/15      EV: 14    Int:  4      God:    Trog [*****.]
Gold:   1547       SH:  4    Dex: 15      Spells: 11/11 levels left

rFire    + + .     SeeInvis .   S - +4 double sword
rCold    x x .     Gourm    +   (no shield)
rNeg     . . .     Faith    .   n - +0 plate armour
rPois    .         Spirit   .   (helmet restricted)
rElec    .         Reflect  .   h - +2 cloak
rCorr    .         Harm     .   f - +0 pair of gloves
MR       ++...     Rnd*Rage +   C - +0 pair of boots
Stlth    ..........             M - amulet of the gourmand
Regen    1.3/turn               F - ring of fire
MPRegen  0.2/turn               l - ring of fire

@: berserk cooldown, regenerating, drained
A: retaliatory headbutt, beak, horns 2, large bone plates 1, berserk 1,
deterioration 1, strong 2, sturdy frame 1
a: Berserk, Trog's Hand, Brothers in Arms, Burn Spellbooks, Renounce Religion


You were on level 2 of the Orcish Mines.
You worshipped Trog.
Trog was extremely pleased with you.
You were full.

You visited 2 branches of the dungeon, and saw 13 of its levels.

You collected 1547 gold pieces.

Inventory:

Hand Weapons
 q - a +3 flail of draining
 Q - a +3 glaive of freezing
 S - a +4 double sword (weapon)
Armour
 f - a +0 pair of gloves (worn)
 h - a +2 cloak (worn)
 n - a +0 plate armour (worn)
 C - a +0 pair of boots (worn)
Magical Staves
 m - an uncursed staff of cold
Jewellery
 e - an uncursed ring of magical power
 l - a ring of fire (right hand)
 F - a ring of fire (left hand)
 G - an uncursed ring of wizardry
 J - an uncursed amulet of magic regeneration
 M - an amulet of the gourmand (around neck)
Wands
 v - a wand of confusion (33/48)
 x - a wand of scattershot (5/9)
 E - a wand of digging (12/24)
 K - a wand of disintegration (14/24)
 O - a wand of confusion (20/48)
Scrolls
 g - 5 scrolls of teleportation
 o - 2 scrolls of magic mapping
 r - 3 scrolls of remove curse
 y - a scroll of immolation {unknown}
 A - 2 scrolls of fear {unknown}
 B - 2 scrolls of enchant armour {unknown}
 I - a scroll of summoning {unknown}
 L - a scroll of blinking {unknown}
 N - a scroll of fog {unknown}
 P - a scroll of identify
Potions
 b - a potion of degeneration
 j - 4 potions of curing
 k - 2 potions of magic
 p - 3 potions of might
 s - 2 potions of cancellation
 t - 3 potions of flight
 u - 4 potions of haste
 w - 2 potions of lignification
 z - 2 potions of agility
 D - a potion of brilliance
 H - a potion of resistance
Comestibles
 a - 3 meat rations
 c - 8 bread rations
 d - 13 royal jellies
 i - 5 fruits
 R - 10 chunks of flesh


   Skills:
 + Level 12.0(11.9) Fighting
 + Level 2.5(2.4) Long Blades
 - Level 10.6(10.5) Maces & Flails
 - Level 4.4 Polearms
 + Level 11.7(11.6) Armour
 + Level 11.3(11.2) Dodging
 + Level 6.1 Evocations


You had 11 spell levels left.
You didn't know any spells.

Dungeon Overview and Level Annotations

Branches:
Dungeon (11/15)            Temple (0/1) D:6            Lair (0/6) D:10
    Orc (2/2) D:11            Elf (0/3) Orc:2

Altars:
Ashenzari
Cheibriados
Elyvilon
Fedhas
Nemelex Xobeh
Okawaru
Ru
Sif Muna
Trog
The Shining One

Shops:
D:4 =   Orc:2 }?*


Innate Abilities, Weirdness & Mutations

You reflexively headbutt those who attack you in melee.
You have a pair of horns on your head.
You have a beak for a mouth.
You are partially covered in large bone plates. (SH +4)
You tend to lose your temper in combat.
Your body sometimes deteriorates upon taking damage.
Your muscles are very strong. (Str +4)
Your movements are slightly less encumbered by armour. (ER -2)


Message History

The orc priest moves out of view.
An orc priest comes into view. It is wielding a flail.
Your ogre goes berserk!
The orc priest shouts!
The orc warrior hits your ogre with a long sword!!
The orc priest miscasts a cantrip.
An orc comes into view. It is wielding a dagger of draining.
What are your orders? t - Shout!
Orders for allies: a - Attack new target. r - Retreat! s - Stop attacking. g - Guard the area. f - Follow me.
Anything else - Cancel.
Gang up on whom?
Press: ? - help, Dir - move target cursor, f - orc priest
Aim: an orc priest, wielding a club Attack!
The orc priest mumbles some strange prayers to Beogh against you.
Beogh smites you!
You die...

##o# ..o#
#...##
.###o...#
........##
..oo...
#.O.#
#..@#
##.## ##


You could see an orc warrior, 3 orc priests, an orc and a friendly ogre
(berserk).

Vanquished Creatures
  3 two-headed ogres
  Erica (D:10)
  Urug (Orc:1)
  A sun demon (Orc:2)
  An unseen horror (D:11)
  An orc sorcerer (Orc:1)
  A centaur zombie (D:10)
  3 gargoyles
  4 trolls
  A hornet (D:11)
  A wyvern (D:11)
  A wraith (D:11)
  5 yaks (D:11)
  A hungry ghost (D:10)
  6 wargs
  A water moccasin (D:10)
  2 porcupines (D:10)
  An ice beast (D:11)
  24 orc warriors
  2 sky beasts
  4 phantoms
  A necrophage (D:8)
  A black bear (D:7)
  4 centaurs
  8 ogres
  4 big kobolds
  The ghost of Glamhuggeren the Digger, an amateur GrEE (D:4)
  11 bullfrogs
  4 scorpions
  11 killer bees
  A water moccasin skeleton (D:9)
  13 wights
  An electric eel (D:6)
  2 howler monkeys
  5 crimson imps
  A bullfrog zombie (D:6)
  30 orc wizards
  3 hounds
  7 jellies
  A centaur skeleton (D:9)
  17 orc priests
  4 iguanas
  6 worker ants
  A killer bee zombie (D:8)
  A worker ant zombie (D:7)
  7 gnolls
  12 adders
  2 shadow imps
  6 oozes
  2 worms
  11 leopard geckos
  69 orcs
  6 giant cockroaches
  4 goblins
  10 hobgoblins
  8 jackals
  28 kobolds
  2 quokkas
  2 ball pythons
  A ball python skeleton (D:5)
  5 bats
  6 frilled lizards
  A leopard gecko skeleton (D:6)
  2 quokka skeletons
  6 rats
393 creatures vanquished.

Vanquished Creatures (collateral kills)
  Snorg (Orc:1)
  The ghost of Folque the Destroyer, a journeyman HuCj of Sif Muna (D:10)
  The ghost of vineage the Severer, a journeyman MiFi of Okawaru (Orc:1)
  An orc knight (Orc:2)
  3 orc warriors
  2 orc wizards
  8 orcs
17 creatures vanquished.

Vanquished Creatures (others)
  3 fungi (D:10)
3 creatures vanquished.

Grand Total: 413 creatures vanquished

Notes
Turn   | Place    | Note
-------+----------+-------------------------------------------
     0 | D:1      | n0claF the Minotaur Berserker began the quest for the Orb.
     0 | D:1      | Reached XP level 1. HP: 19/19 MP: 0/0
    87 | D:1      | Reached skill level 4 in Fighting
    87 | D:1      | Reached XP level 2. HP: 27/27 MP: 1/1
   612 | D:2      | Reached XP level 3. HP: 32/33 MP: 2/2
   679 | D:2      | Found an iron altar of Okawaru.
   717 | D:2      | Reached ** piety under Trog
  1285 | D:3      | Reached XP level 4. HP: 27/41 MP: 3/3
  1423 | D:3      | Reached XP level 5. HP: 47/47 MP: 4/4
  1445 | D:3      | Found a deep blue altar of Sif Muna.
  1518 | D:3      | Found a white marble altar of Elyvilon.
  1776 | D:3      | Reached skill level 5 in Maces & Flails
  1985 | D:3      | Found a glowing golden altar of the Shining One.
  1986 | D:3      | Found a sacrificial altar of Ru.
  2059 | D:3      | Reached skill level 5 in Fighting
  2199 | D:4      | Found Cepnoung's Jewellery Shoppe.
  2252 | D:4      | Reached XP level 6. HP: 41/56 MP: 5/5
  2255 | D:4      | Found a shattered altar of Ashenzari.
  2420 | D:4      | Noticed Glamhuggeren's ghost (amateur GrEE)
  2424 | D:4      | Killed Glamhuggeren's ghost
  2581 | D:5      | Entered Level 5 of the Dungeon
  2655 | D:5      | Reached *** piety under Trog
  2655 | D:5      | Reached XP level 7. HP: 58/62 MP: 6/6
  2672 | D:5      | Reached skill level 5 in Armour
  2765 | D:5      | Found a bloodstained altar of Trog.
  2811 | D:5      | Reached skill level 6 in Fighting
  2811 | D:5      | Reached skill level 5 in Dodging
  3564 | D:6      | Found a staircase to the Ecumenical Temple.
  3652 | D:6      | Reached XP level 8. HP: 71/71 MP: 7/7
  3708 | D:6      | Noticed a troll
  3717 | D:6      | Killed a troll
  3717 | D:6      | Reached skill level 7 in Fighting
  3836 | D:6      | Found a glowing golden altar of the Shining One.
  4392 | D:7      | Reached **** piety under Trog
  4418 | D:7      | Reached XP level 9. HP: 81/81 MP: 8/8
  4457 | D:7      | Reached skill level 8 in Fighting
  4812 | D:8      | Reached skill level 9 in Fighting
  5002 | D:8      | Noticed a two-headed ogre
  5012 | D:8      | Killed a two-headed ogre
  5012 | D:8      | Reached XP level 10. HP: 81/89 MP: 9/9
  5013 | D:8      | Reached ***** piety under Trog
  5116 | D:8      | Reached skill level 1 in Evocations
  5515 | D:8      | Noticed a two-headed ogre
  5525 | D:8      | Killed a two-headed ogre
  5958 | D:9      | Found a sparkling altar of Nemelex Xobeh.
  5974 | D:9      | Reached skill level 10 in Fighting
  6057 | D:9      | Gained mutation: Your movements are slightly less encumbered by armour. (ER -2) [mutagenic meat]
  6058 | D:9      | Gained mutation: You are partially covered in large bone plates. (SH +4) [mutagenic meat]
  6059 | D:9      | Gained mutation: Your body sometimes deteriorates upon taking damage. [mutagenic meat]
  6060 | D:9      | Gained mutation: You have a beak for a mouth. [mutagenic meat]
  6061 | D:9      | Gained mutation: Your muscles are strong. (Str +2) [mutagenic meat]
  6150 | D:9      | Found a blossoming altar of Fedhas.
  6150 | D:9      | Found a snail-covered altar of Cheibriados.
  6415 | D:9      | Noticed a two-headed ogre
  6421 | D:9      | Killed a two-headed ogre
  6421 | D:9      | Reached skill level 10 in Maces & Flails
  6600 | D:10     | Entered Level 10 of the Dungeon
  6602 | D:10     | Noticed Folque's ghost (journeyman HuCj)
  6610 | D:10     | Killed Folque's ghost
  6726 | D:10     | Reached skill level 10 in Armour
  6761 | D:10     | Reached XP level 11. HP: 99/99 MP: 12/12
  6815 | D:10     | Found a staircase to the Lair.
  7135 | D:10     | Noticed Erica
  7143 | D:10     | Killed Erica
  7148 | D:10     | Received a gift from Trog
  7148 | D:10     | Reached skill level 10 in Dodging
  7352 | D:11     | Reached skill level 1 in Polearms
  7408 | D:11     | Reached skill level 11 in Fighting
  7535 | D:11     | Killed an unseen horror
  7550 | D:11     | HP: 5/102 [orc warrior/enchanted scimitar (7)]
  7552 | D:11     | HP: 1/102 [orc warrior/enchanted scimitar (5)]
  7761 | D:11     | Found a glowing golden altar of the Shining One.
  7808 | D:11     | Gained mutation: Your muscles are very strong. (Str +4) [mutagenic meat]
  7810 | D:11     | Gained mutation: Your body often deteriorates upon taking damage. [mutagenic meat]
  7812 | D:11     | Gained mutation: You tend to lose your temper in combat. [mutagenic meat]
  7813 | D:11     | Lost mutation: Your body often deteriorates upon taking damage. [mutagenic meat]
  7920 | D:11     | Found a staircase to the Orcish Mines.
  7948 | Orc:1    | Entered Level 1 of the Orcish Mines
  7990 | Orc:1    | Noticed Snorg
  7997 | Orc:1    | Killed Snorg
  7997 | Orc:1    | Reached skill level 5 in Evocations
  8008 | Orc:1    | Noticed vineage's ghost (journeyman MiFi)
  8013 | Orc:1    | Killed vineage's ghost
  8114 | Orc:1    | Received a gift from Trog
  8209 | Orc:1    | Noticed Urug
  8209 | Orc:1    | Reached XP level 12. HP: 110/110 MP: 15/15
  8219 | Orc:1    | Killed Urug
  8602 | Orc:1    | Reached skill level 1 in Long Blades
  8635 | Orc:2    | Entered Level 2 of the Orcish Mines
  8655 | Orc:2    | Found a staircase to the Elven Halls.
  8686 | Orc:2    | Found Eskoheme's Quality Used Wands.
  8803 | Orc:2    | Found Ziagid's Magic Scroll Shoppe.
  8818 | Orc:2    | Found Faesuun's General Store.
  8832 | Orc:2    | Reached skill level 12 in Fighting
  8843 | Orc:2    | Killed from afar by an orc priest

Skill      XL: |  1  2  3  4  5  6  7  8  9 10 11 12 |
---------------+-------------------------------------+-----
Fighting       | 4 5 6 7 9 10 11 12 | 12.0
Maces & Flails | 4 5 6 7 9 10 | 10.6
Armour         | 3 4 5 7 8 10 11 | 11.7
Dodging        | 3 4 5 7 8 9 10 11 | 11.3
Evocations     | 3 5 6 |  6.1
Polearms       | 4 |  4.4
Long Blades    | 2 |  2.5

Action                   |  1- 3 |  4- 6 |  7- 9 | 10-12 || total
-------------------------+-------+-------+-------+-------++-------
Melee: Mace              |   102 |    18 |       |       ||   120
       Headbutt          |    15 |    10 |    53 |   111 ||   189
       Flail             |       |    68 |   258 |   194 ||   520
       Peck              |       |       |       |    71 ||    71
       Glaive            |       |       |       |   193 ||   193
       Double sword      |       |       |       |    72 ||    72
Invok: Berserk           |     1 |     3 |    10 |    24 ||    38
       Burn Spellbooks   |       |       |     1 |       ||     1
       Brothers in Arms  |       |       |       |     7 ||     7
       Trog's Hand       |       |       |       |     7 ||     7
  Use: Scroll            |       |       |       |    18 ||    18
       Potion            |       |       |       |     2 ||     2
  Eat: Chunk             |     1 |     8 |    15 |    63 ||    87
       Fruit             |       |       |     1 |     4 ||     5
       Meat ration       |       |       |       |     1 ||     1
Armor: Animal skin       |    12 |       |       |       ||    12
       Scale mail        |    33 |    54 |       |       ||    87
       Plate armour      |       |     8 |   124 |   262 ||   394
Dodge: Dodged            |    53 |    50 |   109 |   271 ||   483
Block: Other             |       |       |       |    62 ||    62
       Rpst.: Double sword |       |       |       |    13 ||    13
